 Dungeon Crawl Stone Soup version 0.28-a0-1348-g050f3537b9 (webtiles) character file.

Game seed: 16154235445694690591

1523 HessuHobo the Cleaver (level 8, -5/109 HPs)
             Began as a Minotaur Berserker on Dec 30, 2021.
             Was an Elder of Trog.
             Slain by an orc warrior (12 damage)
             ... on level 6 of the Dungeon.
             The game lasted 00:08:14 (7211 turns).

HessuHobo the Cleaver (Minotaur Berserker)          Turns: 7211, Time: 00:08:15

Health: -5/109     AC: 12    Str: 25    XL:     8   Next: 54%
Magic:  7/7        EV: 10    Int:  4    God:    Trog [****..]
Gold:   156        SH:  7    Dex:  9    Spells: 7/7 levels left

rFire   . . .      SeeInvis .   a - +0 hand axe
rCold   . . .      Faith    .   p - +0 kite shield
rNeg    . . .      Spirit   .   q - +0 chain mail
rPois   .          Reflect  .   (helmet restricted)
rElec   .          Harm     .   j - +1 cloak
rCorr   +          Rampage  .   (no gloves)
Will    .....                   (no boots)
Stlth   ..........              (no amulet)
HPRegen 0.28/turn               b - ring of resist corrosion
MPRegen 0.10/turn               r - +4 ring of evasion

@: berserking, very quick
A: horns 2, retaliatory headbutt
a: Renounce Religion, Berserk, Trog's Hand, Brothers in Arms


You were on level 6 of the Dungeon.
You worshipped Trog.
Trog was greatly pleased with you.
You visited 1 branch of the dungeon, and saw 6 of its levels.

You collected 227 gold pieces.
You spent 71 gold pieces at shops.

Inventory:

Hand Weapons
 a - a +0 hand axe (weapon)
Armour
 j - a +1 cloak (worn)
 p - a +0 kite shield (worn)
 q - a +0 chain mail (worn)
Jewellery
 b - a ring of resist corrosion (left hand)
 r - a +4 ring of evasion (right hand)
Wands
 o - a wand of flame (23)
Scrolls
 e - a scroll of silence
 f - 2 scrolls of fear
 h - 3 scrolls of enchant armour
 l - 3 scrolls of blinking {unknown}
 m - a scroll of holy word {unknown}
 n - a scroll of vulnerability {unknown}
 t - 7 scrolls of teleportation
 v - a scroll of brand weapon {unknown}
 w - 2 scrolls of magic mapping {unknown}
 x - a scroll of identify
Potions
 c - a potion of flight {unknown}
 d - 3 potions of might
 g - 3 potions of curing
 i - 3 potions of attraction
 k - 2 potions of resistance {unknown}
 s - 2 potions of mutation {unknown}
 u - a potion of lignification {unknown}


   Skills:
 + Level 7.1 Fighting
 * Level 8.5 Axes
 + Level 6.4 Armour
 - Level 2.1 Dodging
 + Level 2.8 Shields
 + Level 3.3 Evocations


You had 7 spell levels left.
You didn't know any spells.
Your spell library was empty.

Dungeon Overview and Level Annotations

Branches:
Dungeon (6/15)             Temple (0/1) D:4

Altars:
Makhleb

Shops:
D:3 ?   D:5 *

Annotations:
D:6 2 runed translucent doors


Innate Abilities, Weirdness & Mutations

You have a pair of horns on your head.
You reflexively headbutt those who attack you in melee.


Message History

The orc warrior hits you with a +0 battleaxe.
Your shield prevents you from hitting the orc warrior.
Your headbutt misses the orc warrior.
The orc warrior is lightly wounded.
The orc warrior hits you but does no damage.
You closely miss the orc warrior.
The orc warrior is lightly wounded.
You block the orc warrior's attack.
An orc comes into view. It is wielding a +0 club.
You barely miss the orc warrior.
The orc warrior is lightly wounded.
The orc priest calls upon Beogh to heal the orc warrior.
The orc warrior's wounds heal themselves!
You block the orc warrior's attack.
A bullfrog comes into view.
The orc priest begins to cast a cantrip, but forgets the words!
The bullfrog gives a loud, deep croak!
You hit the orc warrior but do no damage.
Your headbutt misses the orc warrior.
The orc warrior hits you with a +0 battleaxe.
You hit the orc warrior but do no damage.
You hit the orc priest but do no damage.
The orc warrior hits you with a +0 battleaxe!
The orc priest hits you but does no damage.
You hit the orc priest but do no damage.
You hit the orc warrior but do no damage.
The orc warrior hits you with a +0 battleaxe!
The orc priest invokes the aid of Beogh against you.
Pain shoots through your body!
The orc warrior hits you with a +0 battleaxe!
* * * LOW HITPOINT WARNING * * *
Okay, then.
A red film seems to cover your vision as you go berserk!
You feel yourself moving faster!
You feel mighty!
An ufetubus comes into view.
The orc priest calls down the wrath of Beogh upon you.
Pain shoots through your body!
* * * LOW HITPOINT WARNING * * *
The orc warrior hits you with a +0 battleaxe!
You die...

### ..# ..## ########
h..# #......# ##.##
#......#
##..###..5...#######
..S..........oooo.>#
###.###.......##@###
#...........##.#
#......o.o..##.#
##########
#...........##.#
#.........
#......oo...##.#
#.#......#
###...........##.#
#.#.####.#
..#...........##.#
#.#.# #..
..#...........##.#
#.#.# ### ..#
#.##.#######.#.#####.


You could see an orc warrior, an orc priest, 2 orcs and an ufetubus (wandering).

Vanquished Creatures
  2 ice beasts
  A black bear (D:6)
  2 sky beasts (D:5)
  An ogre (D:5)
  2 centaurs (D:5)
  A phantom (D:4)
  3 scorpions
  A jelly (D:4)
  A hound (D:6)
  2 orc priests
  Ijyb (D:3)
  A centaur skeleton (D:5)
  5 iguanas
  An orc wizard (D:3)
  2 hound skeletons (D:5)
  4 gnolls
  6 adders
  2 shadow imps
  A white imp (D:6)
  2 ufetubi
  An adder skeleton (D:4)
  A worm (D:3)
  A dart slug (D:1)
  15 orcs
  9 endoplasms
  6 giant cockroaches
  8 hobgoblins
  4 jackals (D:1)
  4 quokkas
  8 ball pythons
  3 bats (D:1)
  A frilled lizard (D:2)
  10 goblins
  3 kobolds (D:4)
  A quokka skeleton (D:4)
  5 rats
121 creatures vanquished.

Vanquished Creatures (others)
  2 plants (D:2)
2 creatures vanquished.

Grand Total: 123 creatures vanquished

Notes
Turn   | Place    | Note
-------+----------+-------------------------------------------
     0 | D:1      | HessuHobo the Minotaur Berserker began the quest for the
                  | Orb.
     0 | D:1      | Reached XP level 1. HP: 19/19 MP: 0/0
    43 | D:1      | Found a faded altar of an unknown god.
   305 | D:1      | Reached XP level 2. HP: 27/27 MP: 1/1
   352 | D:1      | Reached skill level 4 in Axes
   884 | D:1      | Reached ** piety under Trog
   885 | D:1      | Reached XP level 3. HP: 33/33 MP: 2/2
  2556 | D:3      | Reached XP level 4. HP: 41/41 MP: 3/3
  2656 | D:3      | Noticed Ijyb
  2667 | D:3      | Killed Ijyb
  2678 | D:3      | Found Bioruh's Magic Scroll Shoppe.
  2685 | D:3      | Bought a scroll of identify for 26 gold pieces
  2791 | D:3      | Found a burning altar of Makhleb.
  2882 | D:3      | Reached skill level 5 in Fighting
  2882 | D:3      | Reached skill level 5 in Axes
  2882 | D:3      | Reached XP level 5. HP: 41/48 MP: 4/4
  3151 | D:3      | You fall into a shaft and drop 1 floor!
  4024 | D:4      | Reached XP level 6. HP: 35/56 MP: 5/5
  4147 | D:4      | Reached *** piety under Trog
  4381 | D:4      | Reached skill level 6 in Axes
  4381 | D:4      | Reached skill level 1 in Evocations
  4573 | D:4      | Found a staircase to the Ecumenical Temple.
  5057 | D:5      | Entered Level 5 of the Dungeon
  5109 | D:5      | Reached skill level 5 in Armour
  5183 | D:5      | Noticed a sky beast
  5210 | D:5      | Killed a sky beast
  5211 | D:5      | Reached XP level 7. HP: 46/62 MP: 6/6
  5317 | D:5      | Reached skill level 7 in Axes
  5463 | D:5      | Found Wyfodo's General Store.
  5467 | D:5      | Bought a +0 kite shield for 45 gold pieces
  5731 | D:5      | Reached skill level 1 in Shields
  5785 | D:5      | Reached XP level 8. HP: 45/71 MP: 7/7
  6262 | D:6      | Found a large runed translucent door.
  6262 | D:6      | Found a large runed translucent door.
  6282 | D:6      | Reached skill level 8 in Axes
  6934 | D:6      | Reached **** piety under Trog
  7211 | D:6      | Slain by an orc warrior

Illustrated notes

Levels and vault maps discovered:
D:1:      ncdulo_wetmaze, layout_basic, shapermc_ecumenical_altar_starsandcircs,
          minmay_pentomino_v2
D:2:      layout_basic, serial_bayou_crossing
D:3:      layout_basic, mainiacjoe_overflow_brackets, serial_shops, shop,
          grunt_decor_clamped, uniq_ijyb
D:4:      layout_gridville, minmay_temple_entry_slanted
D:5:      layout_rooms, serial_shops, kennysheep_mini
D:6:      layout_basic, jmf_multi_god_temple2

Skill      XL: |  1  2  3  4  5  6  7  8 |
---------------+-------------------------+-----
Fighting       | 4 5 6 7 |  7.1
Axes           | 4 5 6 7 8 |  8.5
Armour         | 3 4 5 6 |  6.4
Evocations     | 1 2 3 |  3.3
Shields        | 1 2 |  2.8
Dodging        | |  2.1

Action                   |  1- 3 |  4- 6 |  7- 9 || total
-------------------------+-------+-------+-------++-------
Melee: Hand axe          |    74 |   168 |   119 ||   361
       Headbutt          |    11 |    29 |    27 ||    67
Invok: Berserk           |       |       |     1 ||     1
Evoke: Wand              |       |       |     4 ||     4
  Use: Scroll            |     1 |     6 |       ||     7
Armor: Animal skin       |     9 |       |       ||     9
       Scale mail        |     6 |    17 |       ||    23
       Chain mail        |       |    79 |    83 ||   162
Dodge: Dodged            |    51 |    70 |    48 ||   169
Block: Kite shield       |       |       |    37 ||    37

Table legend: (Time is in decaauts)
 A = Elapsed time spent in this place.
 B = Non-inter-level travel time spent in this place.
 C = Inter-level travel time spent in this place.
 D = Time resting spent in this place.
 E = Time spent auto-exploring this place.
 F = Levels seen in this place.
 G = Mean time per level.
                   A        B        C        D        E       F      G
               +--------+--------+--------+--------+--------+-----+--------+
         Total |   7257 |   6948 |    309 |   2771 |   3271 |   6 | 1209.5 |
       Dungeon |   7257 |   6948 |    309 |   2771 |   3271 |   6 | 1209.5 |
               +--------+--------+--------+--------+--------+-----+--------+

Top non-repeatable levels by time:
     D:4: 1453 daAuts
     D:2: 1293 daAuts
     D:5: 1266 daAuts
     D:1: 1261 daAuts
     D:3: 1100 daAuts
     D:6: 882 daAuts
